 Dungeon Crawl Stone Soup version 0.31-a0-981-geadf994542 (webtiles) character file.

Game seed: 16267123997386629115

7681 jakobj the Covert (level 11, 0/94 HPs)
             Began as an Armataur Brigand on Oct 31, 2023.
             Was an Elder of Hepliaklqana.
             Succumbed to a gnoll sergeant's poison
             ... on level 9 of the Dungeon.
             The game lasted 00:22:35 (4874 turns).

jakobj the Covert (Armataur Brigand)                Turns: 4874, Time: 00:22:36

Health: 0/94       AC:  9    Str: 21    XL:     11   Next: 0%
Magic:  11/11      EV: 11    Int: 15    God:    Hepliaklqana [****..]
Gold:   316        SH:  0    Dex: 10    Spells: 10/10 levels left

rFire   + . .        o - +7 short sword
rCold   . . .        (no shield)
rNeg    + . .        b - +0 robe
rPois   .            (helmet restricted)
rElec   .            h - scarf {+Inv}
rCorr   .            q - +0 pair of gloves
SInv    .            (no barding)
Will    .....        m - amulet of magic regeneration
Stlth   +++++        v - ring of positive energy
HPRegen 0.35/turn    a - +4 ring of protection
MPRegen 0.52/turn

%: roll
@: lethally poisoned (0 -> -1)
A: reduced essence, large, rugged brown scales 3, deformed body, armoured tail,
roll, long tongue, awkward tongue, hooves 1, horns 1, clever 1, fire resistance
1, subdued magic 1
a: Renounce Religion, Evoke Invisibility, Recall Ancestor, Ancestor Identity,
Transference, Idealise


You were on level 9 of the Dungeon.
You worshipped Hepliaklqana.
Hepliaklqana was greatly pleased with you.
You visited 1 branch of the dungeon, and saw 9 of its levels.

You collected 316 gold pieces.

Inventory:

Hand Weapons
 o - a +7 short sword (weapon)
Missiles
 d - 17 poisoned darts (quivered)
 e - 3 curare-tipped darts
 w - 4 silver javelins
Armour
 b - a +0 robe (worn)
 c - a +0 cloak
 h - a scarf of invisibility (worn)
 n - a +0 helmet
 q - a +0 pair of gloves (worn)
Jewellery
 a - a +4 ring of protection (right hand)
 m - an amulet of magic regeneration (around neck)
 v - a ring of positive energy (left hand)
Wands
 f - a wand of roots (9)
 i - a wand of mindburst (7)
Scrolls
 g - 4 scrolls of fear
 j - 2 scrolls of teleportation
 r - 3 scrolls of identify
 s - a scroll of amnesia
 t - a scroll of acquirement {unknown}
 u - a scroll of fog {unknown}
Potions
 k - 4 potions of might
 l - 2 potions of degeneration
 p - 2 potions of haste


   Skills:
 + Level 9.1 Fighting
 + Level 9.3 Short Blades
 + Level 6.5 Throwing
 + Level 6.5 Dodging
 + Level 12.1 Stealth


You had 10 spell levels left.
You didn't know any spells.
Your spell library contained the following spells:

 Spells                   Type           Power      Damage    Failure   Level
 Slow                     Hex            0%         N/A       22%         1
 Confusing Touch          Hex            0%         N/A       58%         3
 Sigil of Binding         Hex            0%         N/A       58%         3
 Vampiric Draining        Necr           0%         2d6       58%         3


Dungeon Overview and Level Annotations

Branches:
Dungeon (9/15)
 Temple: D:4-7         Lair: D:8-11         Orc: D:9-12

Altars:
Ashenzari
Dithmenos
Elyvilon
Gozag
Hepliaklqana
Okawaru
Uskayaw
Yredelemnul

Shops:
D:1 *   D:4 :   D:5 (


Innate Abilities, Weirdness & Mutations

Your life essence is reduced to manifest your ancestor. (-10% HP)
You are completely covered in rugged brown scales. (AC +3, +7% HP)
Armour fits poorly on your strangely shaped body.
You have a long armoured tail.
You roll when moving toward enemies. (Rampage)
Your long tongue fully drains potion bottles. (2x potion effects)
Your tongue gives you trouble enunciating. (1.5x scroll delay)
You have large cloven feet.
You have a pair of small horns on your head.
Your mind is acute. (Int +4, Str/Dex -1)
Your flesh is heat resistant. (rF+)
Your spells are a little easier to cast, but a little less powerful.


Message History

Zola gestures at the gnoll sergeant while chanting.
The puff of frost hits the gnoll sergeant.
The gnoll sergeant dies!
* * * LOW HITPOINT WARNING * * *
You feel very sick.
Zola hits the gnoll with a +0 quarterstaff.
* * * LOW HITPOINT WARNING * * *
You feel very sick. The gnoll attacks as it pursues you!
The gnoll barely misses you.
Zola hits the gnoll with a +0 quarterstaff!
The gnoll dies!
You feel sick.
It was a potion of magic.
Magic courses through your body.
You slurp down every last drop of the potion of magic!
You feel sick. The gnoll hits you with a +0 whip.
* * * LOW HITPOINT WARNING * * *
You barely miss the gnoll.
* * * LOW HITPOINT WARNING * * *
You feel sick. The gnoll closely misses you.
You hit the gnoll but do no damage. Your kick misses the gnoll.
You headbutt the gnoll. You tail-slap the gnoll.
The gnoll is moderately wounded.
* * * LOW HITPOINT WARNING * * *
You feel sick.
Zola hits the gnoll with a +0 quarterstaff.
You hit the gnoll. You kick the gnoll, but do no damage.
You headbutt the gnoll.
You kill the gnoll!
* * * LOW HITPOINT WARNING * * *
You feel sick.
You have reached level 11!
* * * LOW HITPOINT WARNING * * *
You feel sick.
* * * LOW HITPOINT WARNING * * *
You feel sick.
Unknown command.
* * * LOW HITPOINT WARNING * * *
You feel sick.
You swap places.
You die...

#.....#
##...##
#..# #
####.##
##...##..#
# ###
#......#
##
##....##
.# ##...##
..# #....#
#..
##.###..#
#. #R.#
### #@##
##)# #..#
#######)##
.....)..#
.....)...#
g.......##
.......##
.......


You could see the friendly Zola the battlemage.

Vanquished Creatures
  A water moccasin (D:5)
  2 sky beasts (D:7)
  A black bear (D:6)
  2 ogres
  3 centaurs
  A kobold brigand (D:7)
  A bullfrog (D:7)
  2 scorpions
  2 killer bees (D:7)
  A howler monkey (D:9)
  An iguana (D:5)
  2 orc wizards (D:7)
  2 adders
  6 gnolls
  A shadow imp (D:8)
  2 dart slugs
  3 worms (D:2)
  6 orcs
  3 endoplasms (D:1)
  A giant cockroach (D:1)
  9 goblins
  3 hobgoblins (D:1)
  2 jackals (D:1)
  A quokka (D:3)
  3 ball pythons
  2 bats (D:1)
  2 frilled lizards
  11 kobolds
  6 rats
82 creatures vanquished.

Vanquished Creatures (collateral kills)
  A two-headed ogre (D:9)
  Pikel (D:9)
  A steam dragon (D:8)
  A water moccasin (D:7)
  2 orc warriors
  A black bear (D:5)
  2 lemures (D:9)
  2 kobold brigands
  A bullfrog (D:8)
  A gnoll sergeant (D:9)
  3 killer bees (D:7)
  5 howler monkeys
  A jelly (D:5)
  A hound (D:6)
  A gnoll bouda (D:6)
  Ijyb (D:4)
  2 orc wizards
  4 gnolls
  A white imp (D:7)
  2 ufetubi (D:5)
  A dart slug (D:3)
  7 orcs
  An endoplasm (D:4)
  4 jackals (D:4)
  5 kobolds
52 creatures vanquished.

Vanquished Creatures (others)
  An ancestor (D:3)
1 creature vanquished.

Grand Total: 135 creatures vanquished

Notes
Turn   | Place    | Note
-------+----------+-------------------------------------------
     0 | D:1      | jakobj the Armataur Brigand began the quest for the Orb.
     0 | D:1      | Reached XP level 1. HP: 18/18 MP: 1/1
     6 | D:1      | Noticed a swamp worm
     6 | D:1      | Noticed a black bear
     6 | D:1      | Noticed a snapping turtle
     7 | D:1      | Noticed an eight-headed hydra
     7 | D:1      | Noticed an anaconda
   150 | D:1      | Reached XP level 2. HP: 18/25 MP: 2/2
   345 | D:1      | Found Yceqy's Assorted Antiques.
   559 | D:2      | Reached XP level 3. HP: 31/31 MP: 3/3
   638 | D:2      | Reached skill level 5 in Stealth
   724 | D:2      | Found a faded altar of an unknown god.
   727 | D:2      | Prayed at the altar of an unknown god.
   727 | D:2      | Became a worshipper of Hepliaklqana the Forgotten
   727 | D:2      | Reached * piety under Hepliaklqana
  1110 | D:3      | Gained mutation: Your muscles are strong. (Str +4, Int/Dex
                  | -1) [potion of mutation]
  1110 | D:3      | Gained mutation: You occasionally lose the ability to drink
                  | potions when taking damage. [potion of mutation]
  1110 | D:3      | Gained mutation: You are resistant to electric shocks.
                  | (rElec) [potion of mutation]
  1110 | D:3      | Gained mutation: You are frail. (-10% HP) [potion of
                  | mutation]
  1110 | D:3      | Gained mutation: You are partially covered in iridescent
                  | scales. (AC +2) [potion of mutation]
  1111 | D:3      | Lost mutation: Your muscles are strong. (Str +4, Int/Dex
                  | -1) [potion of mutation]
  1111 | D:3      | Lost mutation: You occasionally lose the ability to drink
                  | potions when taking damage. [potion of mutation]
  1111 | D:3      | Lost mutation: You are resistant to electric shocks.
                  | (rElec) [potion of mutation]
  1111 | D:3      | Lost mutation: You are frail. (-10% HP) [potion of
                  | mutation]
  1111 | D:3      | Lost mutation: You are partially covered in iridescent
                  | scales. (AC +2) [potion of mutation]
  1111 | D:3      | Gained mutation: Potions are less effective at restoring
                  | your health. [potion of mutation]
  1111 | D:3      | Gained mutation: You are frail. (-10% HP) [potion of
                  | mutation]
  1111 | D:3      | Gained mutation: Your flesh is heat resistant. (rF+)
                  | [potion of mutation]
  1111 | D:3      | Gained mutation: You expend magic power (3 MP) to
                  | strengthen your wands. [potion of mutation]
  1111 | D:3      | Gained mutation: You have a pair of small horns on your
                  | head. [potion of mutation]
  1111 | D:3      | Gained mutation: You have sharp toenails. [potion of
                  | mutation]
  1276 | D:3      | Reached ** piety under Hepliaklqana
  1286 | D:3      | Reached skill level 1 in Dodging
  1286 | D:3      | Reached XP level 4. HP: 30/31 MP: 4/4
  1307 | D:3      | Remembered your ancestor Zola as a battlemage
  1368 | D:3      | Reached skill level 9 in Stealth
  1368 | D:3      | Reached XP level 5. HP: 44/44 MP: 5/5
  1368 | D:3      | Reached XP level 6. HP: 50/50 MP: 6/6
  1486 | D:4      | Found Huoqehon's Book Shoppe.
  1495 | D:4      | Noticed Ijyb
  1523 | D:4      | Killed Ijyb
  1581 | D:4      | Found an opulent altar of Gozag.
  1677 | D:4      | Found a white marble altar of Elyvilon.
  1828 | D:4      | Found a basalt altar of Yredelemnul.
  1868 | D:5      | Entered Level 5 of the Dungeon
  2065 | D:5      | Reached XP level 7. HP: 27/55 MP: 7/7
  2090 | D:5      | Reached skill level 10 in Stealth
  2230 | D:5      | Found Yqogaak's Antique Weapon Emporium.
  2598 | D:6      | Found a broken altar of Ashenzari.
  2599 | D:6      | Reached *** piety under Hepliaklqana
  2760 | D:6      | Reached XP level 8. HP: 61/61 MP: 8/8
  3020 | D:6      | Reached skill level 11 in Stealth
  3021 | D:6      | Reached XP level 9. HP: 71/71 MP: 9/9
  3021 | D:6      | Reached XP level 10. HP: 78/78 MP: 10/10
  3508 | D:7      | Found a hide-covered altar of Uskayaw.
  3782 | D:8      | Lost mutation: You expend magic power (3 MP) to strengthen
                  | your wands. [potion of mutation]
  3782 | D:8      | Lost mutation: Potions are less effective at restoring your
                  | health. [potion of mutation]
  3782 | D:8      | Lost mutation: You are frail. (-10% HP) [potion of
                  | mutation]
  3782 | D:8      | Lost mutation: You have sharp toenails. [potion of
                  | mutation]
  3782 | D:8      | Gained mutation: Your spells are a little easier to cast,
                  | but a little less powerful. [potion of mutation]
  3782 | D:8      | Gained mutation: Your mind is acute. (Int +4, Str/Dex -1)
                  | [potion of mutation]
  3782 | D:8      | Gained mutation: You have large cloven feet. [potion of
                  | mutation]
  3815 | D:8      | Found a shadowy altar of Dithmenos.
  3855 | D:8      | Found an iron altar of Okawaru.
  4034 | D:8      | Reached **** piety under Hepliaklqana
  4753 | D:9      | Noticed a two-headed ogre
  4756 | D:9      | Noticed Pikel
  4770 | D:9      | Killed Pikel
  4771 | D:9      | Reached skill level 12 in Stealth
  4790 | D:9      | Killed a two-headed ogre
  4868 | D:9      | HP: 4/88 [poisoned by a gnoll sergeant]
  4871 | D:9      | Reached XP level 11. HP: 3/94 MP: 11/11
  4872 | D:9      | HP: 1/94 [poisoned by a gnoll sergeant]
  4874 | D:9      | Succumbed to a gnoll sergeant's poison

Illustrated notes

Levels and vault maps discovered:
D:1:      onia_arrival_zoo_common, layout_rooms, serial_shops, shop,
          nrook_loot_triangle, nicolae_figureground_pulse
D:2:      layout_basic, basic_ecumenical_altar, minmay_hexomino_p4, uniq_jessica
D:3:      layout_basic, serial_shops, shop, nrook_mini_vaults
D:4:      layout_cave_pools, kennysheep_ying_yang, nicolae_gozag_seed_capital,
          lemuel_tele_altar, mainiacjoe_overflow_swirl,
          mainiacjoe_overflow_alcove_1, nicolae_overflow_crystal_walls,
          minmay_temple_entry_junction, serial_shops, shop,
          hangedman_decor_lopped, uniq_ijyb
D:5:      layout_loops_corners, serial_shops, shop
D:6:      layout_gridville, overflow_temple_1_default, enter_ossuary_5,
          nicolae_elevator_lobby_plus
D:7:      layout_basic, amcnicky_altar_gilded, uniq_crazy_yiuf_cottage
D:8:      layout_gridville, mainiacjoe_overflow_tiny_flanked,
          grunt_dithmenos_shadows
D:9:      layout_cave_pods, xom_butterflies, uniq_joseph, uniq_pikel,
          uniq_maggie

Skill      XL: |  1  2  3  4  5  6  7  8  9 10 |
---------------+-------------------------------+-----
Throwing       | 2 6 |  6.5
Short Blades   | 2 6 8 9 |  9.3
Fighting       | 2 6 8 9 |  9.1
Stealth        | 5 9 10 11 12 | 12.1
Dodging        | 1 3 6 |  6.5

Action                     |  1- 3 |  4- 6 |  7- 9 | 10-12 || total
---------------------------+-------+-------+-------+-------++-------
  Melee: Dagger            |   101 |    10 |       |       ||   111
         Tailslap          |    16 |     1 |     5 |    12 ||    34
         Punch             |     5 |     1 |     1 |     1 ||     8
         Headbutt          |     1 |     5 |     6 |    13 ||    25
         Kick              |     1 |     6 |    13 |    22 ||    42
         Short sword       |       |     8 |    44 |    99 ||   151
  Throw: Dart              |     2 |       |       |       ||     2
 Invoke: Recall Ancestor   |     1 |       |       |       ||     1
         Ancestor Life: Ba |       |     1 |       |       ||     1
    Use: Scroll            |     7 |       |     8 |     2 ||    17
         Potion            |     2 |     1 |     1 |     3 ||     7
   Stab: Sleeping          |     6 |     2 |     1 |     2 ||    11
         Distracted        |       |       |     3 |       ||     3
 Armour: Robe              |    55 |    10 |    40 |    56 ||   161
  Dodge: Dodged            |    47 |     7 |    27 |    43 ||   124

Table legend: (Time is in decaauts)
 A = Elapsed time spent in this place.
 B = Non-inter-level travel time spent in this place.
 C = Inter-level travel time spent in this place.
 D = Time resting spent in this place.
 E = Time spent auto-exploring this place.
 F = Levels seen in this place.
 G = Mean time per level.
                   A        B        C        D        E       F      G
               +--------+--------+--------+--------+--------+-----+--------+
         Total |   4804 |   4711 |     93 |      0 |      0 |   9 |  533.8 |
       Dungeon |   4804 |   4711 |     93 |      0 |      0 |   9 |  533.8 |
               +--------+--------+--------+--------+--------+-----+--------+

Top non-repeatable levels by time:
     D:8: 717 daAuts
     D:7: 664 daAuts
     D:3: 640 daAuts
     D:6: 612 daAuts
     D:5: 561 daAuts
     D:1: 480 daAuts
     D:9: 391 daAuts
     D:4: 379 daAuts
     D:2: 357 daAuts
